 Dungeon Crawl Stone Soup version 0.17-a0-1831-gaadb308 (webtiles) character file.

11888 kip the Blocker (level 11, -1/97 HPs)
             Began as a Minotaur Fighter on Sept 14, 2015.
             Was an Elder of Trog.
             Slain by Snorg (16 damage)
             ... on level 10 of the Dungeon.
             The game lasted 01:15:31 (9896 turns).

kip the Blocker (Minotaur Fighter)                  Turns: 9896, Time: 01:15:31

Health: -1/97      AC: 17    Str: 23    XL:     11   Next: 55%
Magic:  10/10      EV: 11    Int:  5    God:    Trog [****..]
Gold:   671        SH: 14    Dex: 14    Spells: 0 memorised, 10 levels left

rFire  . . .     SeeInvis .     k - +0 morningstar
rCold  + . .     Clarity  .     D - +4 chain mail of Gicyfint {rC+ MR+ Dex+3 Stlth+}
rNeg   . . .     SustAt   +     c - +1 shield
rPois  .         Gourm    .     (helmet restricted)
rElec  .         Spirit   .     (no cloak)
rCorr  .         Warding  .     P - +0 pair of gloves (curse)
rMut   .         Stasis   .     (no boots)
MR     +....                    i - amulet of regeneration
Stlth  ..........               U - ring of sustain attributes
                                M - ring of flight

@: somewhat resistant to hostile enchantments, extremely unstealthy
A: retaliatory headbutt, horns 2
a: Burn Spellbooks, Berserk, Trog's Hand, Brothers in Arms, Renounce Religion,
Evoke Flight


You were on level 10 of the Dungeon.
You worshipped Trog.
Trog was greatly pleased with you.
You were not hungry.

You visited 2 branches of the dungeon, and saw 11 of its levels.

You collected 671 gold pieces.

Inventory:

Hand weapons
 a - a +0 flail
 k - a +0 morningstar (weapon)
 w - a +3 flail
 z - a +0 dire flail
 H - a +1 flail
 I - a +0 mace of venom
Armour
 c - a +1 shield (worn)
 D - the +4 chain mail of Gicyfint (worn) {rC+ MR+ Dex+3 Stlth+}
   (You found it on level 5 of the Dungeon)

   It affects your dexterity (+3).
   It protects you from cold.
   It affects your resistance to hostile enchantments.
   It makes you more stealthy.
 L - a +2 ring mail of fire resistance
 P - a cursed +0 pair of gloves (worn)
 X - a +2 hat
Jewellery
 i - an amulet of regeneration (around neck)
 y - an uncursed ring of ice
 E - an uncursed ring of protection from fire
 M - a ring of flight (left hand)
 Q - an uncursed ring of fire
 U - a ring of sustain attributes (right hand)
Magical devices
 u - a wand of cold (5)
 v - a wand of disintegration (3)
 F - a wand of hasting (2)
 K - a wand of fire (3)
 N - a wand of fire (3)
 R - a wand of lightning (11)
 V - a wand of confusion (14)
Scrolls
 f - 7 scrolls of remove curse
 g - 3 scrolls of recharging {unknown}
 h - 3 scrolls of blinking {unknown}
 j - 4 scrolls of random uselessness {unknown}
 l - 5 scrolls of teleportation {unknown}
 n - 8 scrolls of identify {unknown}
 o - 3 scrolls of amnesia {unknown}
 q - a scroll of enchant weapon {unknown}
 s - 3 scrolls of noise {unknown}
 t - 2 scrolls of immolation {unknown}
 B - 2 scrolls of magic mapping
 G - a scroll of enchant armour
 T - 2 scrolls of vulnerability {unknown}
Potions
 b - a potion of heal wounds {unknown}
 d - a potion of might
 e - a potion of haste {unknown}
 p - a potion of degeneration {unknown}
 r - a potion of lignification
 x - 2 potions of mutation {unknown}
 A - a potion of brilliance {unknown}
 O - a potion of poison {unknown}
 S - a potion of curing
 Y - a potion of resistance {unknown}
Miscellaneous
 C - a plain deck of changes
Comestibles
 m - 7 fruits
 J - 6 royal jellies


   Skills:
 + Level 9.0 Fighting
 * Level 11.9 Maces & Flails
 + Level 10.3 Armour
 + Level 6.5 Dodging
 + Level 0.5 Stealth
 + Level 12.0 Shields


You had 10 spell levels left.
You didn't know any spells.

Dungeon Overview and Level Annotations

Branches:
Dungeon (10/15)            Temple (0/1) D:4             Orc (1/4) D:10
   Lair: D:8-11

Altars:
Dithmenos
Gozag
Kikubaaqudgha
Nemelex Xobeh
Ru
Trog
Yredelemnul
The Shining One
Beogh

Shops:
D:8 *   D:9 %   Orc:1 (

Annotations:
D:10 Snorg


Innate Abilities, Weirdness & Mutations

You reflexively headbutt those who attack you in melee.
You have a pair of horns on your head.


Message History

* * * LOW HITPOINT WARNING * * *
You barely miss Snorg.
Snorg is severely wounded.
Snorg closely misses you. Snorg claws you but does no damage.
Snorg claws you but does no damage. You block Snorg's attack.
Snorg closely misses you. Snorg claws you but does no damage.
You hit Snorg.
Snorg is severely wounded.
You block Snorg's attack. Snorg barely misses you. Snorg claws you!
* * * LOW HITPOINT WARNING * * *
You bludgeon Snorg!! You headbutt Snorg!
Snorg is almost dead.
You block Snorg's attack. x3
Snorg bites you but does no damage. Snorg claws you but does no damage.
Snorg claws you.
* * * LOW HITPOINT WARNING * * *
You hit Snorg but do no damage. You headbutt Snorg!
Snorg is almost dead.
You block Snorg's attack. Snorg claws you!
You die...

#................
##..............#
#...............#
#.#####.........+
#.# ######....#
####.# #....#
#....# #....#
#....# #....#
#..T@# #....#
#....# #....#
#....# +....##
#..... #......
#.....
..........(.
#....##
#####.......
#....# ########
#....#


You could see Snorg (berserk).

Vanquished Creatures
  Gastronok (Orc:1)
  Fannar (Orc:1)
  An unseen horror (D:10)
  A lindwurm (shapeshifter) (D:10)
  Pikel (D:9)
  Joseph (D:7)
  A centaur zombie (D:8)
  A queen bee (D:9)
  The ghost of kip the Shield-Bearer, an average MiFi of Okawaru (D:4)
  A slime creature (D:7)
  A yak (D:10)
  A trapdoor spider (D:10)
  3 hungry ghosts
  Menkaure (D:7)
  A warg (Orc:1)
  Duvessa (D:4)
  3 orc warriors
  An ice beast (D:6)
  2 black bears (D:9)
  8 ogres
  6 centaurs
  9 giant frogs
  A gnoll sergeant (D:7)
  3 big kobolds (D:10)
  Dowan (D:4)
  A water moccasin skeleton (D:4)
  4 scorpions
  12 wights
  17 killer bees (D:9)
  A quasit (D:8)
  4 crimson imps
  4 hounds
  12 jellies
  3 orc priests
  4 orc wizards
  2 centaur skeletons
  A giant frog skeleton (D:5)
  A gnoll shaman (D:9)
  2 iguanas (D:4)
  15 worker ants
  A killer bee zombie (D:6)
  A hound zombie (D:9)
  3 hound skeletons
  2 worker ant zombies (D:10)
  13 adders
  11 gnolls
  3 shadow imps
  14 oozes
  An adder zombie (D:7)
  3 worms
  2 adder skeletons (D:10)
  5 giant geckos
  23 orcs
  8 hobgoblins
  6 jackals
  20 kobolds
  3 quokkas
  4 ball pythons
  4 bats
  A giant cockroach (D:3)
  2 giant gecko skeletons
  A giant gecko zombie (D:6)
  6 giant newts
  9 goblins
  A quokka zombie (D:5)
  9 rats
  A fungus (D:7)
292 creatures vanquished.

Vanquished Creatures (others)
  A sky beast (D:5)
  3 fungi (D:7)
4 creatures vanquished.

Grand Total: 296 creatures vanquished

Notes
Turn   | Place    | Note
--------------------------------------------------------------
     0 | D:1      | kip the Minotaur Fighter began the quest for the Orb.
     0 | D:1      | Reached XP level 1. HP: 19/19 MP: 0/0
   197 | D:1      | Reached XP level 2. HP: 24/27 MP: 1/1
   347 | D:1      | Reached skill level 4 in Shields
   927 | D:2      | Reached XP level 3. HP: 30/33 MP: 2/2
  1199 | D:2      | Reached XP level 4. HP: 32/40 MP: 3/3
  2333 | D:3      | Reached skill level 1 in Dodging
  2539 | D:3      | Reached XP level 5. HP: 45/47 MP: 4/4
  2553 | D:3      | Noticed a moth of wrath
  2556 | D:3      | Found a bloodstained altar of Trog.
  2604 | D:3      | Became a worshipper of Trog the Wrathful
  2786 | D:4      | Reached skill level 5 in Shields
  2874 | D:4      | Noticed Duvessa
  2874 | D:4      | Noticed Dowan
  2880 | D:4      | Killed Duvessa
  2880 | D:4      | Reached skill level 5 in Armour
  2880 | D:4      | Reached XP level 6. HP: 43/55 MP: 5/5
  2882 | D:4      | Killed Dowan
  2882 | D:4      | Reached skill level 5 in Fighting
  3075 | D:4      | Found a staircase to the Ecumenical Temple.
  3264 | D:4      | Reached skill level 6 in Shields
  3315 | D:4      | Noticed kip's ghost (average MiFi)
  3321 | D:4      | Reached XP level 7. HP: 37/61 MP: 6/6
  3343 | D:4      | HP: 4/91 [kip's ghost (7)]
  3350 | D:4      | Killed kip's ghost
  3470 | D:4      | Found a glowing golden altar of the Shining One.
  3470 | D:4      | Found a sacrificial altar of Ru.
  3471 | D:4      | Found an ancient bone altar of Kikubaaqudgha.
  3569 | D:4      | Found a basalt altar of Yredelemnul.
  3593 | D:4      | Acquired Trog's first power
  3722 | D:4      | Reached skill level 5 in Maces & Flails
  3813 | D:5      | Entered Level 5 of the Dungeon
  3826 | D:5      | Reached skill level 7 in Shields
  3826 | D:5      | Reached XP level 8. HP: 62/70 MP: 7/7
  3847 | D:5      | Found a shadowy altar of Dithmenos.
  3896 | D:5      | Got a blackened chain mail
  3907 | D:5      | Identified the +4 chain mail of Gicyfint {rC+ MR+ Dex+3 Stlth+} (You found it on level 5 of the Dungeon)
  4436 | D:5      | Reached skill level 8 in Shields
  4912 | D:6      | Reached XP level 9. HP: 72/78 MP: 8/8
  5011 | D:6      | Acquired Trog's second power
  5413 | D:7      | Noticed Joseph
  5488 | D:7      | Killed Joseph
  5488 | D:7      | Reached skill level 9 in Shields
  6093 | D:7      | Reached skill level 5 in Dodging
  6276 | D:7      | Noticed Menkaure
  6282 | D:7      | Killed Menkaure
  6345 | D:7      | Reached XP level 10. HP: 31/88 MP: 9/9
  7130 | D:8      | Found an opulent altar of Gozag.
  7138 | D:8      | Reached skill level 10 in Shields
  7152 | D:8      | Found Gozag's Platinum Reserve.
  7486 | D:8      | Found a sparkling altar of Nemelex Xobeh.
  7738 | D:9      | Acquired Trog's third power
  7947 | D:9      | Found Vuczuelir's Food Emporium.
  8096 | D:9      | Reached skill level 10 in Maces & Flails
  8138 | D:9      | Noticed Pikel
  8149 | D:9      | Killed Pikel
  8149 | D:9      | Reached skill level 11 in Shields
  8452 | D:10     | Entered Level 10 of the Dungeon
  8731 | D:10     | Reached XP level 11. HP: 93/95 MP: 10/10
  8905 | D:10     | Killed an unseen horror
  8906 | D:10     | Noticed a lindwurm
  8912 | D:10     | Killed a lindwurm
  9209 | D:10     | Found a staircase to the Orcish Mines.
  9219 | D:10     | Reached skill level 10 in Armour
  9260 | Orc:1    | Entered Level 1 of the Orcish Mines
  9260 | Orc:1    | Noticed Gastronok
  9276 | Orc:1    | Killed Gastronok
  9333 | Orc:1    | Found Qonub's Antique Weapon Shoppe.
  9421 | Orc:1    | Found a roughly hewn altar of Beogh.
  9541 | Orc:1    | Noticed Fannar
  9587 | Orc:1    | Killed Fannar
  9587 | Orc:1    | Reached skill level 12 in Shields
  9872 | D:10     | Noticed Snorg
  9896 | D:10     | Slain by Snorg

Vault maps used:
D:1:      onia_arrival_pentagram, serial_bayou_ford_a, minmay_misc_feat_tower,
          minivault_19
D:2:      minmay_misc_feat_ornament, bh_walls_and_bars
D:3:      tgw_trog, grunt_ministairs_6
D:4:      forest_paths, yredelemnul_altar_generic,
          gammafunk_temple_overflow_claw, minmay_temple_entry_glass,
          serial_co_window_serial, co_window_paths_a, co_window_paths_a,
          co_window_corner_a, co_window_corner_a, co_window_paths_a,
          co_window_corner_b, co_window_corner_b, co_window_of_opportunity_b,
          glass_columns_a, glass_columns_a, first_bread, minivault_27,
          uniq_duvessa
D:5:      lemuel_doored_altar
D:6:      hangedman_abyss_or_decor_jellyfish_corner, solitary_fountain,
          kennysheep_nondescript
D:7:      lemuel_slime, uniq_joseph, uniq_menkaure
D:8:      nemelex_deck, nicolae_gozag_zags_fifth_avenue
D:9:      david_nohive_1, kennysheep_windowed_goal, uniq_pikel
D:10:     minmay_imperfect_grid, basic_altar, uniq_snorg
Orc:1:    serial_shops, nicolae_shop_overgrown_old_shop, basic_altar,
          nicolae_orc_sculptors_studio, uniq_gastronok, uniq_fannar

Action                   |  1- 3 |  4- 6 |  7- 9 | 10-12 || total
-------------------------+-------+-------+-------+-------++-------
Melee: Flail             |    79 |   159 |   346 |    79 ||   663
       Mace              |       |       |     6 |       ||     6
       Morningstar       |       |       |       |   361 ||   361
Invok: Berserk           |       |       |       |     4 ||     4
       Trog's Hand       |       |       |       |     4 ||     4
       Burn Spellbooks   |       |       |       |     3 ||     3
 Abil: Evoke Flight      |       |       |       |     1 ||     1
  Use: Scroll            |       |     1 |       |     2 ||     3
       Potion            |       |     2 |     5 |     5 ||    12
  Eat: Bread ration      |     1 |     1 |       |     2 ||     4
       Chunk             |       |     1 |       |     1 ||     2
       Fruit             |       |     1 |       |     3 ||     4
       Pizza             |       |       |     3 |       ||     3
       Meat ration       |       |       |     3 |     2 ||     5
       Royal jelly       |       |       |       |     1 ||     1
